 Dungeon Crawl Stone Soup version 0.28.0-53-g5a82cb258f (webtiles) character file.

Game seed: 16392938028605867151

44 issech the Skirmisher (level 3, -1/34 HPs)
             Began as a Minotaur Monk on June 17, 2022.
             Slain by Terence
             ... wielding a +0 flail
              (2 damage)
             ... on level 2 of the Dungeon.
             The game lasted 00:02:36 (1634 turns).

issech the Skirmisher (Minotaur Monk)               Turns: 1634, Time: 00:02:37

Health: -1/34      AC:  8    Str: 15    XL:     3   Next: 39%
Magic:  2/2        EV:  7    Int: 13    God:
Gold:   103        SH:  0    Dex: 14    Spells: 2/2 levels left

rFire   . . .      SeeInvis .   a - +0 hand axe
rCold   . . .      Faith    .   (no shield)
rNeg    . . .      Spirit   .   f - +0 chain mail
rPois   .          Reflect  .   (helmet restricted)
rElec   .          Harm     .   (no cloak)
rCorr   .          Rampage  .   (no gloves)
Will    .....                   (no boots)
Stlth   ..........              d - amulet of magic regeneration
HPRegen 0.11/turn               h - +6 ring of intelligence
MPRegen 0.48/turn               (no ring)

@: no status effects
A: horns 2, retaliatory headbutt
a: no special abilities


You were on level 2 of the Dungeon.
You visited 1 branch of the dungeon, and saw 2 of its levels.

You collected 103 gold pieces.

Inventory:

Hand Weapons
 a - a +0 hand axe (weapon)
Missiles
 e - 13 bolts
 i - 19 stones (quivered)
Armour
 b - a +0 robe
 f - a +0 chain mail (worn)
Jewellery
 d - an amulet of magic regeneration (around neck)
 h - a +6 ring of intelligence (left hand)
Scrolls
 c - 3 scrolls of identify {unknown}
Potions
 g - a potion of degeneration {unknown}


   Skills:
 + Level 4.5 Fighting
 + Level 4.0 Axes
 + Level 3.8 Dodging
 + Level 1.7 Stealth


You had 2 spell levels left.
You didn't know any spells.
Your spell library contained the following spells:

 Spells                   Type           Power      Damage    Failure   Level
 Beastly Appendage        Tmut           0%         N/A       100%        1
 Wereblood                Tmut           0%         N/A       100%        2
 Spider Form              Tmut/Pois      0%         N/A       100%        3


Dungeon Overview and Level Annotations

Branches:
Dungeon (2/15)

Altars:

Annotations:
D:2 1 runed translucent door, Crazy Yiuf, Terence


Innate Abilities, Weirdness & Mutations

You have a pair of horns on your head.
You reflexively headbutt those who attack you in melee.


Message History

You hit Terence.
Terence is heavily wounded.
Terence drinks a potion.
Terence is healed!
You hit Terence but do no damage. You headbutt Terence, but do no damage.
Terence hits you with a +0 flail.
You completely miss Terence. You headbutt Terence.
Terence is lightly wounded.
Terence hits you with a +0 flail!
You hit Terence. You headbutt Terence.
Terence is moderately wounded.
Terence hits you with a +0 flail.
You hit Terence but do no damage.
Terence is moderately wounded.
Terence barely misses you.
You hit Terence but do no damage.
Terence is moderately wounded.
Terence hits you with a +0 flail.
* * * LOW HITPOINT WARNING * * *
Terence hits you with a +0 flail.
* * * LOW HITPOINT WARNING * * *
You hit Terence but do no damage.
Terence is moderately wounded.
Terence hits you with a +0 flail.
* * * LOW HITPOINT WARNING * * *
You barely miss Terence.
Terence is moderately wounded.
Terence hits you but does no damage.
You barely miss Terence. You headbutt Terence!
Terence is severely wounded.
Terence barely misses you.
Found an agate ring.
You barely miss Terence. Your headbutt misses Terence.
Terence is severely wounded.
Terence hits you with a +0 flail.
* * * LOW HITPOINT WARNING * * *
You see here a ring of poison resistance.
You hit Terence but do no damage. You headbutt Terence.
Terence is severely wounded.
Terence hits you with a +0 flail.
You die...

#............#..#...#
#8.
##############..#...+
##. .........#...# #.
#######.##...# ##.
#.# #8. #.# ##. #.#
#####. #@# ...... #@#
.##### #.# #.# ..#
###


You could see Terence.

Vanquished Creatures
  An adder (D:2)
  5 endoplasms (D:1)
  4 giant cockroaches
  2 goblins (D:1)
  3 hobgoblins
  2 ball pythons
  6 bats
  4 frilled lizards (D:1)
  3 kobolds
  4 rats (D:1)
34 creatures vanquished.

Notes
Turn   | Place    | Note
-------+----------+-------------------------------------------
     0 | D:1      | issech the Minotaur Monk began the quest for the Orb.
     0 | D:1      | Reached XP level 1. HP: 19/19 MP: 0/0
   440 | D:1      | Reached XP level 2. HP: 27/27 MP: 1/1
  1229 | D:1      | Found a faded altar of an unknown god.
  1272 | D:2      | Found a runed translucent door.
  1273 | D:2      | Noticed Crazy Yiuf
  1366 | D:2      | Reached XP level 3. HP: 33/34 MP: 2/2
  1597 | D:2      | Noticed Terence
  1627 | D:2      | HP: 1/34 [Terence/+0 flail (3)]
  1634 | D:2      | Slain by Terence

Illustrated notes

Levels and vault maps discovered:
D:1:      heliophobic_arrival_glass_houses, layout_loops_corners,
          basic_ecumenical_altar, minmay_misc_feat_room
D:2:      layout_basic, st_stairs_4, corexii_hall_statues_t, uniq_terence,
          uniq_crazy_yiuf_cottage

Skill      XL: |  1  2  3 |
---------------+----------+-----
Fighting       | 4 |  4.5
Axes           | 4 |  4.0
Dodging        | |  3.8
Stealth        | |  1.7

Action                   || total
-------------------------++-------
Melee: Hand axe          ||    78
       Headbutt          ||    12
Armor: Robe              ||     6
       Chain mail        ||    36
Dodge: Dodged            ||    31
